 Dungeon Crawl Stone Soup version 0.24.0-1-gfbc8707122 (webtiles) character file.

Game seed: 18109146816966147379, levelgen mode: deterministic

59 Froggeryz the Skirmisher (level 4, -2/29 HPs)
             Began as a Gargoyle Abyssal Knight on Oct 27, 2019.
             Was a Follower of Lugonu.
             Slain by a worm (3 damage)
             ... on level 2 of the Dungeon.
             The game lasted 00:02:18 (869 turns).

Froggeryz the Skirmisher (Gargoyle Abyssal Knight)   Turns: 869, Time: 00:02:18

Health: -2/29      AC:  6    Str: 16    XL:     4   Next: 3%
Magic:  6/6        EV: 11    Int: 12    God:    Lugonu [*.....]
Gold:   138        SH:  0    Dex: 10    Spells: 3/3 levels left

rFire    . . .     SeeInvis .   a - +1 mace
rCold    . . .     Gourm    .   (no shield)
rNeg     + . .     Faith    .   b - +0 leather armour
rPois    ∞         Spirit   .   (no helmet)
rElec    +         Reflect  .   (no cloak)
rCorr    .         Harm     .   (no gloves)
MR       .....                  (no boots)
Stlth    +.........             (no amulet)
HPRegen  0.09/turn              (no ring)
MPRegen  0.10/turn              (no ring)

@: no status effects
A: negative energy resistance 1, electricity resistance, unbreathing,
petrification resistance, rot immunity, AC +3
a: Depart the Abyss, Renounce Religion


You were on level 2 of the Dungeon.
You worshipped Lugonu.
Lugonu was aware of your devotion.
You were not hungry.

You visited 1 branch of the dungeon, and saw 2 of its levels.
You visited the Abyss 1 time.

You collected 138 gold pieces.

Inventory:

Hand Weapons
 a - a +1 mace (weapon)
Missiles
 e - 25 poisoned darts (quivered)
Armour
 b - a +0 leather armour (worn)
Jewellery
 i - a +2 ring of dexterity {unknown}
Scrolls
 g - a scroll of enchant weapon {unknown}
 j - a scroll of enchant armour {unknown}
Potions
 d - a potion of might {unknown}
 f - a potion of brilliance {unknown}
 h - a potion of heal wounds {unknown}
 k - a potion of curing {unknown}
Comestibles
 c - a ration


   Skills:
 + Level 3.8 Fighting
 * Level 3.2 Maces & Flails
 - Level 2.1 Armour
 - Level 0.7 Dodging
 + Level 2.8 Invocations


You had 3 spell levels left.
You didn't know any spells.
Your spell library was empty.

Dungeon Overview and Level Annotations

Branches:
Dungeon (2/15)

Altars:


Innate Abilities, Weirdness & Mutations

You are resistant to torment.
Your stone body is resilient. (AC +3)
You are immune to poison.
You resist negative energy. (rN+)
You are resistant to electric shocks. (rElec)
You can survive without breathing.
You are immune to petrification.
You are immune to rotting.


Message History

You kill the goblin!
Lugonu accepts your kill.
You sock the worm!
The worm is moderately wounded.
The worm bites you!
* * * LOW HITPOINT WARNING * * *
You hit the worm.
The worm is severely wounded.
You barely miss the worm.
The worm is severely wounded.
The worm closely misses you.
You hit the worm.
The worm is severely wounded.
The worm bites you!
* * * LOW HITPOINT WARNING * * *
You hit the worm but do no damage.
The worm is severely wounded.
A kobold comes into view. It is wielding a +0 hand axe.
The worm bites you.
You die...

.....# ...... .....#
...... .....# ......#
.....#
.......####....)##
.......... .......
............##†......
(............w......#
......>...!.@######.#
.....K..(....#
.............# ###
.............###...#
...................#
#...<......####.
##......##.#
#....##.##.)#
................


You could see a worm and a kobold (wandering).

Vanquished Creatures
  2 adders (D:2)
  An ooze (D:1)
  A worm (D:2)
  2 leopard geckos (D:1)
  A ball python (D:1)
  3 bats (D:1)
  3 giant cockroaches
  6 goblins
  4 hobgoblins
  4 kobolds
  A rat (D:1)
28 creatures vanquished.

Notes
Turn   | Place    | Note
-------+----------+-------------------------------------------
     0 | Abyss:1  | Froggeryz the Gargoyle Abyssal Knight began the quest for
                  | the Orb.
     0 | Abyss:1  | Reached XP level 1. HP: 14/14 MP: 2/2
    13 | Abyss:1  | Found a corrupted altar of Lugonu.
    25 | Abyss:1  | Noticed a large abomination
    26 | Abyss:1  | Noticed a crimson imp
    32 | Abyss:1  | Noticed a glowing orange brain
    34 | D:1      | Escaped the Abyss
    72 | D:1      | Reached XP level 2. HP: 18/19 MP: 3/3
   225 | D:1      | Reached * piety under Lugonu
   364 | D:1      | Reached XP level 3. HP: 19/24 MP: 4/4
   863 | D:2      | Reached XP level 4. HP: 16/29 MP: 6/6
   868 | D:2      | HP: 1/29 [worm (7)]
   869 | D:2      | Slain by a worm

Levels and vault maps discovered:
D:1:      lemuel_arrival_broad_hall, layout_basic
D:2:      layout_rooms, minmay_pentomino_v2, uniq_crazy_yiuf_cottage

Skill      XL: |  1  2  3 |
---------------+----------+-----
Maces & Flails | 3 |  3.2
Fighting       | |  3.8
Armour         | |  2.1
Dodging        | |  0.7
Invocations    | |  2.8

Action                   |  1- 3 |  4- 6 || total
-------------------------+-------+-------++-------
Melee: Mace              |    84 |     6 ||    90
Throw: Dart              |     8 |       ||     8
Invok: Depart the Abyss  |     1 |       ||     1
Armor: Leather armour    |    53 |       ||    53
Dodge: Dodged            |    58 |     1 ||    59
